Map: Inferno Pools

Players

CBagRun

  • Race: Zerg Zerg
  • Spawn Location: 7:00

HORSES

  • Race: Zerg Zerg
  • Spawn Location: 5:00

Ecrotoss - Winner!

  • Race: Protoss Protoss
  • Spawn Location: 11:00

couchman - Winner!

  • Race: Terran Terran
  • Spawn Location: 1:00

VOD

Have the link to the VOD?

Description

Time

  • Played on: Dec. 14, 2021, 1:27 a.m.
  • Length: 10:33
Show
View Real Time Build Order
Export as new Build Order

CBagRun Zerg 

Build Orders: Pool Only 

Get SALT Encoding   

  12  0:14  Drone x2  
  14  0:36  Spawning Pool  
  14  0:37  Drone  
  14  0:43  Overlord  
  14  1:02  Evolution Chamber  
  14  1:03  Extractor  
  12  1:06  Extractor  
  11  1:23  Zergling x2  
  12  1:26  Zergling x2  
  12  1:27  Queen  
  15  1:37  Zergling x2  
  17  1:51  Drone  
  17  2:16  Zergling x4  
  17  3:15  Zergling x2  
  17  3:16  Zergling x4  
  19  3:26  Drone x2  
  21  3:28  Overlord  
  21  3:53  Zerg Ground Armor Level 1  
  21  3:56  Zergling x8  
  25  4:05  Drone  
  26  4:22  Drone x2  
  26  4:23  Drone  
  29  4:28  Overlord  
  29  5:02  Drone x4  
  33  5:17  Overlord x2  
  27  5:44  Spine Crawler  
  22  6:22  Drone x3  
  22  6:23  Drone x2  
  27  6:48  Zergling x8  
  27  6:50  Zerg Melee Weapons Level 1  
  27  7:41  Zergling x10  
  32  7:54  Drone x2  
  32  7:55  Drone  
  32  7:57  Metabolic Boost  
  35  8:12  Lair  
  35  8:20  Roach Warren  
  35  8:24  Spine Crawler  
  35  8:25  Drone x2  
  35  8:26  Drone x2  
  29  9:00  Spore Crawler  
  21  9:05  Spore Crawler  
Show
View Real Time Build Order
Export as new Build Order

HORSES Zerg 

Build Orders: Pool First 

Get SALT Encoding   

  12  0:04  Drone  
  13  0:24  Drone  
  13  0:25  Overlord  
  14  0:43  Drone, Spawning Pool  
  14  0:44  Drone  
  14  0:47  Drone  
  16  0:57  Overlord  
  16  1:10  Drone, Extractor  
  16  1:20  Drone  
  17  1:30  Drone  
  17  1:31  Queen  
  20  1:40  Drone  
  21  1:51  Zergling x2  
  22  2:02  Drone  
  23  2:15  Zergling x2  
  24  2:21  Extractor  
  23  2:25  Drone  
  23  2:29  Lair  
  24  2:34  Zergling x2  
  25  2:51  Drone x2  
  27  2:53  Drone  
  28  3:11  Metabolic Boost  
  28  3:14  Drone x2  
  30  3:30  Hatchery  
  30  3:31  Zergling x2  
  30  3:33  Overlord  
  30  3:51  Overlord x2  
  30  3:54  Zergling x4  
  32  4:04  Evolution Chamber  
  32  4:08  Roach Warren  
  30  4:19  Zergling x8  
  34  4:25  Drone  
  35  4:35  Zerg Melee Weapons Level 1  
  35  4:42  Drone x3  
  38  4:48  Drone  
  39  5:01  Roach  
  39  5:02  Evolution Chamber  
  39  5:07  Roach x4  
  42  6:29  Drone  
  42  6:30  Drone x4  
  42  6:32  Drone x3  
  50  6:36  Zerg Ground Armor Level 1  
  50  6:37  Zerg Missile Weapons Level 1  
  50  6:38  Glial Reconstitution  
  50  6:41  Drone  
  50  6:46  Drone, Queen  
  50  7:11  Drone x2  
  52  7:16  Roach x4  
  60  7:30  Infestation Pit  
  60  7:32  Overlord x2  
  60  7:33  Overlord  
  59  7:46  Extractor  
  59  7:47  Queen  
  60  8:00  Extractor  
  60  8:03  Drone x2  
  61  8:08  Overlord x3  
  61  8:17  Hive  
  61  8:32  Zergling x4  
  61  8:33  Zergling x8  
  67  8:43  Spire  
  66  8:49  Spire  
  64  9:32  Zergling x4  
  64  9:33  Zergling x16  
  64  9:34  Zergling x2  
Show
View Real Time Build Order
Export as new Build Order

Ecrotoss Protoss - Winner!

Build Orders: Double Forge 

Get SALT Encoding   

  12  0:01  Probe  
  13  0:13  Probe  
  14  0:23  Pylon  
  14  0:25  Probe  
  15  0:34  Assimilator  
  15  0:41  Probe  
  16  0:44  Gateway  
  16  0:53  Probe  
  17  1:07  Pylon  
  17  1:12  Pylon  
  17  1:15  Probe  
  18  1:24  Pylon  
  18  1:35  Cybernetics Core  
  18  1:39  Forge  
  18  1:52  Probe (Chrono Boost)  
  19  1:57  Assimilator  
  19  2:13  Stalker (Chrono Boost)  
  21  2:39  Adept (Chrono Boost)  
  23  3:35  Probe  
  24  3:45  Nexus  
  24  3:47  Probe  
  25  3:50  Adept  
  27  3:59  Probe  
  28  4:13  Pylon  
  28  4:14  Protoss Ground Weapons Level 1 (Chrono Boost)  
  28  4:17  Pylon  
  28  4:27  Forge  
  28  4:53  Photon Cannon  
  28  4:54  Photon Cannon  
  28  4:58  Photon Cannon  
  28  4:59  Photon Cannon  
  30  5:14  Zealot  
  30  5:41  Zealot  
  30  6:08  Stalker  
  32  6:25  Warp Gate (Chrono Boost)  
  30  6:26  Gateway x2  
  30  6:27  Gateway  
  30  6:33  Gateway  
  30  6:38  Stalker  
  30  6:39  Pylon  
  32  6:43  Pylon  
  32  6:50  Probe  
  33  6:56  Pylon  
  33  6:58  Pylon  
  33  7:02  Probe  
  33  7:03  Pylon  
  33  7:05  Pylon  
  34  7:11  Robotics Facility  
  34  7:14  Probe  
  35  7:26  Probe  
  36  7:38  Probe  
  37  7:50  Probe  
  38  7:56  Forge  
  38  8:02  Probe  
  38  8:04  Gateway  
  39  8:06  Gateway  
  39  8:09  Photon Cannon  
  39  8:10  Photon Cannon  
  39  8:13  Photon Cannon  
  39  8:15  Probe, Photon Cannon  
  39  8:17  Photon Cannon  
  40  8:24  Twilight Council  
  40  8:27  Probe  
  41  8:34  Zealot x4  
  43  8:35  Zealot  
  51  8:43  Assimilator  
  51  8:46  Probe  
  51  8:47  Assimilator  
  52  8:58  Probe  
  53  9:11  Probe  
  53  9:15  Stalker x2  
  53  9:16  Stalker  
  59  9:24  Observer (Chrono Boost)  
  59  9:44  Observer (Chrono Boost)  
  58  9:57  Observer  
  43  10:26  Zealot x2  
  43  10:27  Zealot x4  
Show
View Real Time Build Order
Export as new Build Order

couchman Terran - Winner!

Build Orders:  

Get SALT Encoding   

  12  0:00  SCV  
  13  0:16  SCV  
  14  0:24  Supply Depot  
  14  0:28  SCV  
  15  0:45  SCV  
  16  0:53  Supply Depot  
  16  0:58  SCV  
  17  1:09  Barracks  
  17  1:10  SCV  
  18  1:16  Supply Depot  
  18  1:22  SCV  
  19  1:34  SCV  
  20  1:44  Engineering Bay  
  20  1:46  SCV  
  21  1:48  Refinery  
  21  2:00  Command Center  
  21  2:02  SCV  
  22  2:16  Supply Depot  
  22  2:28  SCV  
  23  2:30  Refinery  
  23  2:40  Supply Depot, SCV  
  24  3:00  Factory  
  24  3:02  Marine  
  25  3:06  Supply Depot  
  25  3:09  SCV  
  26  3:19  Marine  
  27  3:37  Marine  
  28  3:55  Marine  
  28  4:01  Starport  
  29  4:08  SCV, Command Center  
  30  4:13  Marine  
  31  4:20  SCV  
  31  4:22  Widow Mine  
  34  4:31  Marine  
  34  4:32  SCV  
  36  4:43  Widow Mine  
  36  4:44  SCV  
  39  4:47  SCV  
  39  4:49  Marine  
  41  4:56  SCV  
  41  4:59  SCV  
  43  5:02  Starport Tech Lab  
  43  5:04  Widow Mine  
  43  5:06  Marine  
  46  5:08  SCV  
  46  5:09  Fusion Core  
  46  5:11  SCV  
  48  5:19  SCV  
  48  5:21  SCV  
  50  5:23  SCV  
  51  5:32  SCV  
  51  5:33  SCV  
  51  5:35  SCV  
  54  5:43  Supply Depot  
  54  5:44  SCV  
  54  5:45  SCV  
  52  5:57  SCV  
  53  6:09  SCV  
  52  6:13  Marine  
  53  6:27  Weapon Refit  
  53  6:29  Battlecruiser  
  53  6:31  Marine  
  47  6:48  Marine  
  48  6:58  Barracks  
  46  7:32  SCV  
  46  7:33  Battlecruiser  
  46  7:34  SCV  
  54  7:44  SCV  
  54  7:45  Orbital Command  
  54  7:46  SCV  
  54  7:48  Barracks Reactor  
  54  7:49  Barracks Reactor  
  56  7:52  Terran Infantry Weapons Level 1  
  56  7:56  SCV  
  57  7:58  SCV  
  57  8:01  Barracks  
  58  8:06  Widow Mine  
  58  8:08  SCV  
  58  8:10  SCV  
  62  8:15  Refinery  
  62  8:19  Refinery  
  62  8:20  SCV  
  62  8:22  SCV  
  64  8:27  Widow Mine  
  64  8:32  SCV  
  67  8:40  Bunker  
  67  8:45  SCV  
  68  8:49  Widow Mine  
Tags
 
Add a new tag
Caveats
  • Supply blocks, unpowered buildings, or Contaminate may cause inaccurate times.
  • Supply counts are checked every 10 seconds.